Map: Dusk Towers

Players

viOLet

  • Race: Protoss Protoss
  • League: Grandmaster

Ailee (Azure) - Winner!

  • Race: Terran Terran
  • League: Grandmaster

VOD

Have the link to the VOD?

Description

Time

  • Played on: Dec. 23, 2015, 3:14 a.m.
  • Length: 6:40
Show
View Real Time Build Order
Export as new Build Order

viOLet Protoss 

Build Orders: Nexus First 

Get SALT Encoding   

  12  0:01  Probe (Chrono Boost)  
  13  0:11  Probe (Chrono Boost)  
  14  0:18  Pylon  
  14  0:22  Probe (Chrono Boost)  
  15  0:36  Probe (Chrono Boost)  
  16  0:47  Probe (Chrono Boost)  
  17  0:57  Probe (Chrono Boost)  
  17  1:01  Nexus  
  18  1:11  Gateway  
  18  1:14  Probe (Chrono Boost)  
  19  1:24  Probe (Chrono Boost)  
  20  1:29  Assimilator  
  20  1:31  Assimilator  
  20  1:35  Probe (Chrono Boost)  
  20  1:38  Pylon  
  21  1:45  Probe (Chrono Boost)  
  22  2:00  Cybernetics Core, Probe (Chrono Boost)  
  23  2:10  Probe (Chrono Boost)  
  23  2:13  Pylon  
  23  2:14  Probe (Chrono Boost)  
  25  2:21  Probe (Chrono Boost)  
  26  2:25  Probe (Chrono Boost)  
  26  2:26  Pylon  
  27  2:31  Probe (Chrono Boost)  
  27  2:34  Warp Gate (Chrono Boost)  
  27  2:35  Probe (Chrono Boost)  
  29  2:37  Stalker  
  29  2:42  Mothership Core (Chrono Boost)  
  33  2:47  Pylon  
  33  2:48  Probe (Chrono Boost)  
  34  3:00  Robotics Facility  
  34  3:03  Probe (Chrono Boost)  
  35  3:07  Stalker  
  37  3:13  Probe (Chrono Boost)  
  37  3:14  Probe (Chrono Boost)  
  39  3:23  Probe  
  39  3:26  Probe  
  41  3:34  Probe  
  41  3:38  Probe  
  41  3:39  Gateway  
  41  3:40  Gateway  
  43  3:42  Gateway  
  43  3:47  Warp Prism (Chrono Boost)  
  45  3:53  Probe x2  
  47  3:56  Pylon  
  47  4:00  Pylon  
  47  4:05  Probe  
  47  4:06  Probe  
  47  4:07  Pylon  
  47  4:18  Mothership Core (Chrono Boost), Observer (Chrono Boost)  
  50  4:34  Stalker  
  52  4:42  Probe (Chrono Boost)  
  53  4:47  Pylon  
  53  4:51  Adept x3  
  59  4:54  Probe (Chrono Boost)  
  59  4:58  Twilight Council  
  58  5:18  Immortal  
  58  5:19  Adept x3  
  64  5:30  Adept  
  62  5:39  Adept x2  
  62  5:40  Adept  
  68  5:46  Gateway  
  68  5:47  Gateway  
  68  5:49  Gateway  
  68  5:51  Mothership Core (Chrono Boost)  
  68  5:52  Adept  
  68  5:55  Gateway  
  66  6:10  Adept  
  52  6:20  Adept  
  45  6:36  Adept  
Show
View Real Time Build Order
Export as new Build Order

Ailee Terran - Winner!

Build Orders: 1/1/1, Liberator Opening 

Get SALT Encoding   

  12  0:01  SCV  
  13  0:13  SCV  
  14  0:18  Supply Depot  
  14  0:25  SCV  
  15  0:39  SCV  
  15  0:41  Barracks  
  16  0:44  Refinery  
  16  0:51  SCV  
  16  0:56  Refinery  
  17  1:03  SCV  
  18  1:15  SCV  
  19  1:30  Orbital Command  
  19  1:31  Marine  
  20  1:36  Factory  
  20  1:47  Supply Depot  
  20  1:57  Barracks Reactor, SCV  
  21  2:09  SCV  
  22  2:19  Widow Mine  
  22  2:21  SCV, Starport  
  25  2:27  Supply Depot  
  25  2:33  SCV, Marine x2  
  28  2:48  Factory Tech Lab  
  28  2:49  SCV  
  28  2:50  Marine  
  28  2:51  Marine  
  31  2:58  Supply Depot, Medivac  
  34  3:08  Marine x2  
  34  3:12  Siege Tank  
  38  3:19  Barracks  
  38  3:20  Liberator  
  38  3:26  Marine x2  
  43  3:43  Supply Depot  
  43  3:46  Marine  
  43  3:47  Marine  
  45  3:58  Supply Depot  
  45  4:04  Marine x2  
  45  4:05  Siege Tank  
  50  4:10  Liberator  
  50  4:17  Marine  
  50  4:22  Marine x2  
  56  4:35  Marine  
  56  4:40  Marine  
  56  4:44  Marine  
  54  4:53  Marine  
  54  4:54  Supply Depot  
  54  4:55  Siege Tank  
  54  4:58  Marine  
  60  5:02  Marine  
  60  5:06  SCV  
  61  5:10  Marine  
  59  5:19  Marine  
  59  5:20  Marine  
  57  5:28  Marine  
  58  5:42  SCV  
  59  5:44  Marine  
  59  5:46  Marine  
  59  5:49  Marine  
  61  6:01  Marine  
  61  6:07  Marine x2  
  61  6:08  Siege Tank  
  60  6:19  Marine  
  60  6:24  SCV  
Tags
 
Add a new tag
Caveats
  • Supply blocks, unpowered buildings, or Contaminate may cause inaccurate times.
  • Supply counts are checked every 10 seconds.